 Dungeon Crawl Stone Soup version 0.21.0-37-g46506fa (webtiles) character file.

2267 wojtek the Destroyer (level 9, -2/58 HPs)
             Began as a Demonspawn Wizard on Jan 31, 2018.
             Was an Initiate of Vehumet.
             Shot with an arrow by a centaur (13 damage)
             ... on level 8 of the Dungeon.
             The game lasted 00:15:55 (11294 turns).

wojtek the Destroyer (Demonspawn Wizard)           Turns: 11294, Time: 00:15:56

Health: -2/58      AC: 10    Str:  8    XL:     9   Next: 16%
Magic:  6/13       EV: 12    Int: 23    God:    Vehumet [......]
Gold:   341        SH:  0    Dex: 11    Spells: 5/14 levels left

rFire    . . .     SeeInvis .   g - +0 hand axe
rCold    . . .     Gourm    .   (no shield)
rNeg     . . .     Faith    .   a - +0 robe
rPois    .         Spirit   .   n - +0 helmet
rElec    .         Reflect  .   (no cloak)
rCorr    .         Harm     .   I - +2 pair of gloves
MR       .....                  x - +2 pair of boots
Stlth    +++.......             (no amulet)
HPRegen  0.19/turn              (no ring)
MPRegen  0.13/turn              (no ring)

@: no status effects
A: claws 1, rugged brown scales 1, foul stench 1, nightstalker 1, rot immunity
a: Renounce Religion


You were on level 8 of the Dungeon.
You worshipped Vehumet.
Vehumet was noncommittal.
You were not hungry.

You visited 2 branches of the dungeon, and saw 9 of its levels.

You collected 383 gold pieces.
You spent 42 gold pieces at shops.

Inventory:

Hand Weapons
 g - a +0 hand axe (weapon)
 C - a +2 dagger of speed
 E - a +0 flail of holy wrath
Missiles
 y - 3 tomahawks of returning (quivered)
Armour
 a - a +0 robe (worn)
 b - a +0 hat
 n - a +0 helmet (worn)
 x - a +2 pair of boots (worn)
 I - a +2 pair of gloves (worn)
Jewellery
 p - an uncursed ring of magical power {unknown}
 r - an uncursed ring of positive energy {unknown}
 u - an uncursed amulet of harm {unknown}
 A - an uncursed ring of ice
 D - a cursed ring of teleportation {unknown}
 G - the amulet "Ojeuxteu" {Spirit Str-4 Dex+6}
   (You found it on level 7 of the Dungeon)

   [amulet of guardian spirit]

   It causes incoming damage to be split between your health and magic.
   It affects your strength (-4).
   It affects your dexterity (+6).
Wands
 H - a wand of flame (41)
Scrolls
 h - 4 scrolls of remove curse {unknown}
 i - 2 scrolls of noise {unknown}
 l - 5 scrolls of identify {unknown}
 t - 2 scrolls of enchant weapon {unknown}
 w - 5 scrolls of teleportation {unknown}
 F - a scroll of magic mapping {unknown}
 J - 2 scrolls of enchant armour {unknown}
Potions
 e - 2 potions of heal wounds
 f - a potion of agility
 j - a potion of magic {unknown}
 k - 4 potions of degeneration {unknown}
 m - 2 potions of flight {unknown}
 o - 2 potions of might {unknown}
 q - 2 potions of haste {unknown}
 s - a potion of ambrosia {unknown}
 v - 5 potions of curing
 z - a potion of brilliance
Books
 c - a book of Minor Magic

   Spells                             Type                      Level
   a - Magic Dart                     Conjuration                  1
   b - Blink                          Translocation                2
   c - Call Imp                       Summoning                    2
   d - Slow                           Hexes                        2
   e - Conjure Flame                  Conjuration/Fire             3
   f - Mephitic Cloud                 Conjuration/Poison/Air       3
 B - a book of Air

   Spells                             Type                      Level
   a - Shock                          Conjuration/Air              1
   b - Swiftness                      Charms/Air                   2
   c - Static Discharge               Conjuration/Air              3
   d - Airstrike                      Air                          4
   e - Lightning Bolt                 Conjuration/Air              5
Comestibles
 d - 5 rations


   Skills:
 - Level 1.7 Dodging
 - Level 1.7 Stealth
 + Level 3.0 Spellcasting
 + Level 11.9 Conjurations
   Level 1.0 Summonings
 - Level 1.5 Translocations


You had 5 spell levels left.
You knew the following spells:

 Your Spells              Type           Power        Failure   Level  Hunger
a - Magic Dart            Conj           ####         1%          1    None
b - Blink                 Tloc           N/A          10%         2    ##.....
c - Mephitic Cloud        Conj/Pois/Air  ###.....     7%          3    ###....
f - Conjure Flame         Conj/Fire      ####....     3%          3    ###....


Dungeon Overview and Level Annotations

Branches:
Dungeon (8/15)             Temple (1/1) D:6
   Lair: D:8-11

Altars:
Ashenzari
Cheibriados
Dithmenos
Fedhas
Gozag
Hepliaklqana
Kikubaaqudgha
Makhleb
Nemelex Xobeh
Okawaru
Qazlal
Ru
Sif Muna
Trog
Uskayaw
Vehumet
Wu Jian
Xom
Yredelemnul
Zin
The Shining One

Shops:
D:4 !

Annotations:
D:3 Sigmund
D:4 Agrougrou's ghost, amateur OpTm
D:5 exclusion: 3 gnolls, Dowan; Duvessa
D:7 exclusion: 2 crimson imps, Prince Ribbit
D:8 Pikel


Innate Abilities, Weirdness & Mutations

You have sharp fingernails.
You are partially covered in rugged brown scales. (AC +1, +3% HP)
You may emit foul miasma when damaged in melee.
You are slightly more attuned to the shadows.
You are immune to rotting.


Message History

The arrow hits you but does no damage.
The centaur shoots an arrow.
The arrow closely misses you.
The centaur shoots an arrow.
The arrow hits you!
Casting: Magic Dart
Confirm with . or Enter, or press ? or * to list all spells.
Aiming: Magic Dart
Press: ? - help, Shift-Dir - straight line, f/p - centaur
Aim: a centaur, wielding a shortbow (heavily wounded)
The magic dart hits the centaur.
The centaur is severely wounded.
The centaur shoots an arrow.
The arrow hits you!
* * * LOW HITPOINT WARNING * * *
Casting: Magic Dart
Confirm with . or Enter, or press ? or * to list all spells.
Aiming: Magic Dart
Press: ? - help, Shift-Dir - straight line, f/p - centaur
Aim: a centaur, wielding a shortbow (severely wounded)
The magic dart hits the centaur.
The centaur is severely wounded.
The centaur shoots an arrow.
The arrow hits you!
You die...

... ...### #.....#
...... #.....#
#..c..##..>..#
+...c..#.....#
#......#.....#
###@#.....#########
#..((.............#
#..........<......#
#.....(...........#
#.................#
#.................#
#......<...>......#
#.................#
#.................#


You could see 2 centaurs.

Vanquished Creatures
  The ghost of tidbits the Firebug, a novice GnFE of Cheibriados (D:7)
  A hungry ghost (D:7)
  An eye of draining (D:7)
  An ice beast (D:5)
  A slave (D:7)
  A phantom (D:5)
  3 ogres
  A centaur (D:5)
  A crocodile (D:7)
  3 bullfrogs (D:6)
  2 scorpions
  A water moccasin skeleton (D:4)
  3 crimson imps
  A bullfrog zombie (D:6)
  A centaur zombie (D:6)
  A hound (D:6)
  A jelly (D:6)
  3 centaur skeletons
  A gnoll shaman (D:5)
  An iguana (D:6)
  5 worker ants (D:4)
  A hound zombie (D:5)
  11 adders
  A shadow imp (D:7)
  A worm (D:2)
  5 dart slugs
  4 leopard geckos
  19 orcs
  9 bats
  2 giant cockroaches
  14 goblins
  4 hobgoblins
  17 jackals
  4 kobolds
  4 quokkas
  3 frilled lizards
  A quokka skeleton (D:4)
  5 rats
139 creatures vanquished.

Notes
Turn   | Place    | Note
-------+----------+-------------------------------------------
     0 | D:1      | wojtek the Demonspawn Wizard began the quest for the Orb.
     0 | D:1      | Reached XP level 1. HP: 13/13 MP: 4/4
   180 | D:1      | Reached skill level 2 in Conjurations
   235 | D:1      | Gained mutation: You have sharp fingernails. [demonic ancestry]
   235 | D:1      | Reached XP level 2. HP: 12/19 MP: 0/6
   372 | D:1      | Found a shattered altar of Ashenzari.
   797 | D:1      | Reached skill level 3 in Conjurations
   852 | D:1      | Reached XP level 3. HP: 24/24 MP: 4/7
  1895 | D:2      | Gained mutation: You are immune to rotting. [demonic ancestry]
  1895 | D:2      | Reached XP level 4. HP: 30/30 MP: 1/8
  1963 | D:2      | Reached skill level 4 in Conjurations
  2344 | D:3      | Found an ornate altar of the Wu Jian Council.
  2471 | D:3      | Found a glowing golden altar of the Shining One.
  2542 | D:3      | Noticed Sigmund
  3127 | D:3      | Found a snail-covered altar of Cheibriados.
  3476 | D:4      | Learned a level 2 spell: Blink
  3483 | D:4      | Found Otweuk's Distillery.
  3508 | D:4      | Reached skill level 1 in Translocations
  3508 | D:4      | Reached XP level 5. HP: 29/35 MP: 2/9
  3601 | D:4      | Bought a potion of curing for 42 gold pieces
  3646 | D:4      | Reached skill level 5 in Conjurations
  4358 | D:4      | Gained mutation: You are partially covered in rugged brown scales. (AC +1, +3% HP) [demonic ancestry]
  4358 | D:4      | Reached XP level 6. HP: 35/42 MP: 3/10
  4539 | D:3      | Learned a level 3 spell: Mephitic Cloud
  4632 | D:4      | Reached skill level 6 in Conjurations
  4650 | D:4      | Noticed Agrougrou's ghost (amateur OpTm)
  5597 | D:5      | Entered Level 5 of the Dungeon
  5797 | D:5      | Reached skill level 7 in Conjurations
  5797 | D:5      | Gained mutation: You are slightly more attuned to the shadows. [demonic ancestry]
  5797 | D:5      | Reached XP level 7. HP: 42/47 MP: 4/11
  5843 | D:5      | Noticed Dowan
  6362 | D:5      | Reached skill level 8 in Conjurations
  6782 | D:5      | Found a blossoming altar of Fedhas.
  7178 | D:5      | Noticed Duvessa
  7539 | D:6      | Reached skill level 9 in Conjurations
  7649 | D:6      | Learned a level 3 spell: Conjure Flame
  7805 | D:6      | Reached XP level 8. HP: 53/53 MP: 4/12
  8557 | D:6      | Found a staircase to the Ecumenical Temple.
  8638 | Temple   | Entered the Ecumenical Temple
  8849 | Temple   | Became a worshipper of Vehumet
  8945 | D:6      | Found a burning altar of Makhleb.
  8945 | D:6      | Noticed a blizzard demon
  9099 | D:6      | Reached skill level 10 in Conjurations
  9640 | D:6      | Found a deep blue altar of Sif Muna.
  9911 | D:7      | Got a shimmering silver amulet
  9912 | D:7      | Identified the amulet "Ojeuxteu" {Spirit Str-4 Dex+6} (You found it on level 7 of the Dungeon)
 10332 | D:7      | Reached skill level 11 in Conjurations
 10401 | D:7      | Noticed Prince Ribbit
 10660 | D:7      | Noticed tidbits's ghost (novice GnFE)
 10694 | D:7      | Killed tidbits's ghost
 10694 | D:7      | Gained mutation: You may emit foul miasma when damaged in melee. [demonic ancestry]
 10694 | D:7      | Reached XP level 9. HP: 20/58 MP: 0/13
 10852 | D:7      | Found a bloodstained altar of Trog.
 11184 | D:8      | Noticed Pikel
 11294 | D:8      | Shot with an arrow by a centaur

Skill      XL: |  1  2  3  4  5  6  7  8 |
---------------+-------------------------+-----
Conjurations   | 2 3 4 5 7 9 11 | 11.9
Translocations | 1 |  1.5
Dodging        | |  1.7
Stealth        | |  1.7
Spellcasting   | |  3.0
Summonings     | |  1.0

Action                   |  1- 3 |  4- 6 |  7- 9 || total
-------------------------+-------+-------+-------++-------
Melee: Hand axe          |       |    45 |    80 ||   125
 Cast: Magic Dart        |    88 |   175 |   264 ||   527
       Mephitic Cloud    |       |     2 |     1 ||     3
       Blink             |       |     1 |       ||     1
       Conjure Flame     |       |       |     1 ||     1
  Use: Potion            |     3 |       |       ||     3
 Stab: Sleeping          |       |       |     1 ||     1
  Eat: Chunk             |     2 |     9 |    11 ||    22
       Ration            |       |     1 |     3 ||     4
Armor: Robe              |     3 |    39 |    88 ||   130
Dodge: Dodged            |    10 |    75 |   123 ||   208
